 Seeded DCSS version 0.30-b1-7-gcb88a99046 (webtiles) character file.

Game seed: 1973 (custom seed)

175 Kazon the Trooper (level 5, 0/57 HPs)
             Began as an Ogre Monk on May 5, 2023.
             Was a Believer of the Shining One.
             Slain by a water moccasin zombie (4 damage)
             ... in an ossuary.
             The game lasted 00:07:47 (2041 turns).

Kazon the Trooper (Ogre Monk)                       Turns: 2041, Time: 00:07:47

Health: 0/57       AC:  3    Str: 17    XL:     5   Next: 55%
Magic:  0/5        EV: 10    Int: 11    God:    the Shining One [**....]
Gold:   106        SH:  6    Dex: 11    Spells: 1/4 levels left

rFire   . . .        a - +0 hand axe
rCold   . . .        d - orb {light}
rNeg    + . .        b - +0 robe
rPois   .            (helmet restricted)
rElec   .            (no cloak)
rCorr   .            (gloves unavailable)
SInv    .            (boots unavailable)
Will    .....        (no amulet)
Stlth   +            (no ring)
HPRegen 0.29/turn    (no ring)
MPRegen 0.09/turn

%: no passive effects
@: divinely shielded, glowing
A: large, unfitting armour, tough skin 1
a: Renounce Religion, Divine Shield


You were in an ossuary.
You worshipped the Shining One.
The Shining One was pleased with you.
You visited 2 branches of the dungeon, and saw 5 of its levels.
You also visited: Ossuary.

You collected 106 gold pieces.

Inventory:

Hand Weapons
 a - a +0 hand axe (weapon)
 q - a +0 whip
Missiles
 h - 19 stones (quivered)
 i - 4 large rocks
 m - 6 boomerangs
Armour
 b - a +0 robe (worn)
 d - an orb of light (worn)
Scrolls
 g - 5 scrolls of identify {unknown}
 k - a scroll of immolation {unknown}
 l - 2 scrolls of teleportation {unknown}
 n - a scroll of amnesia {unknown}
 o - a scroll of poison {unknown}
 p - a scroll of blinking {unknown}
 s - a scroll of vulnerability {unknown}
 u - 2 scrolls of silence {unknown}
Potions
 c - a potion of ambrosia
 e - 2 potions of curing {unknown}
 f - a potion of mutation {unknown}
 j - 2 potions of magic {unknown}
 r - a potion of degeneration {unknown}
 t - a potion of lignification {unknown}
 v - a potion of brilliance {unknown}


   Skills:
 + Level 5.0 Fighting
 + Level 4.7 Axes
 * Level 1.5 Throwing
 + Level 3.3 Dodging
 + Level 0.2 Stealth


You had one spell level left.
You knew the following spells:

 Your Spells              Type           Power      Damage    Failure   Level
a - Beastly Appendage     Tmut           0%         N/A       34%         1
b - Wereblood             Tmut           0%         N/A       47%         2

Your spell library contained the following spells:

 Spells                   Type           Power      Damage    Failure   Level
 Spider Form              Tmut/Pois      0%         N/A       71%         3
 Anguish                  Hex/Necr       0%         N/A       98%         4
 Cause Fear               Hex            0%         N/A       98%         4
 Enfeeble                 Hex            0%         N/A       100%        7


Dungeon Overview and Level Annotations

Branches:
Dungeon (4/15)             Temple (1/1) D:4         Ossuary (1/1)

Altars:
Cheibriados
Dithmenos
Fedhas
Makhleb
Nemelex Xobeh
Zin
The Shining One


Innate Abilities, Weirdness & Mutations

You are too large for most types of armour.
You have tough skin. (AC +1)


Message History

The centaur zombie hits you. The centaur zombie kicks you.
You hit the centaur zombie.
The centaur zombie is almost destroyed.
The centaur zombie hits you. The centaur zombie kicks you.
You block the centaur zombie's attack.
The centaur zombie kicks you but does no damage.
You hit the centaur zombie.
You destroy the centaur zombie!
The Shining One accepts your kill.
You hit the water moccasin zombie.
The water moccasin zombie is lightly damaged.
You block the water moccasin zombie's attack.
The water moccasin zombie bites you.
You barely miss the water moccasin zombie.
The water moccasin zombie is lightly damaged.
The water moccasin zombie bites you.
* * * LOW HITPOINT WARNING * * *
You hit the water moccasin zombie.
The water moccasin zombie is lightly damaged.
The water moccasin zombie bites you.
* * * LOW HITPOINT WARNING * * *
You barely miss the water moccasin zombie.
The water moccasin zombie is lightly damaged.
The water moccasin zombie barely misses you.
You block the water moccasin zombie's attack.
You completely miss the water moccasin zombie.
The water moccasin zombie is lightly damaged.
You block the water moccasin zombie's attack.
You hit the water moccasin zombie.
The water moccasin zombie is moderately damaged.
The water moccasin zombie bites you.
* * * LOW HITPOINT WARNING * * *
Your divine shield is renewed.
The water moccasin zombie bites you.
* * * LOW HITPOINT WARNING * * *
You barely miss the water moccasin zombie.
The water moccasin zombie is moderately damaged.
The water moccasin zombie bites you.
* * * LOW HITPOINT WARNING * * *
The water moccasin zombie bites you.
You die...

# .# #+#'
+..
#Z#####
+~#@..#
#~Z.∩.#
#P~~#..∩#
#≈~~.#####
#~.~.+
≈≈###.#
≈## +~#
#~+ .~


You could see a water moccasin zombie.

Vanquished Creatures
  A centaur zombie (Ossuary)
  A hound (D:4)
  2 mummies (Ossuary)
  3 adders
  2 dart slugs (D:1)
  4 orcs (D:3)
  3 ball pythons
  3 bats
  3 endoplasms
  6 giant cockroaches
  8 hobgoblins
  3 jackals (D:1)
  A quokka (D:4)
  5 frilled lizards
  4 goblins
  2 kobolds (D:1)
  3 rats
54 creatures vanquished.

Vanquished Creatures (others)
  4 withered plants (Ossuary)
4 creatures vanquished.

Grand Total: 58 creatures vanquished

Notes
Turn   | Place    | Note
-------+----------+-------------------------------------------
     0 | D:1      | Kazon the Ogre Monk began the quest for the Orb.
     0 | D:1      | Reached XP level 1. HP: 24/24 MP: 1/1
   184 | D:1      | Reached XP level 2. HP: 31/32 MP: 2/2
   417 | D:1      | Reached XP level 3. HP: 38/40 MP: 3/3
   983 | D:2      | Learned a level 1 spell: Beastly Appendage
  1111 | D:2      | Reached skill level 1 in Throwing
  1145 | D:2      | Reached XP level 4. HP: 46/49 MP: 4/4
  1702 | D:3      | You fall into a shaft and drop 1 floor!
  1746 | D:4      | Reached skill level 5 in Fighting
  1764 | D:4      | Reached XP level 5. HP: 43/57 MP: 5/5
  1785 | D:4      | Found a staircase to the Ecumenical Temple.
  1794 | Temple   | Entered the Ecumenical Temple
  1806 | Temple   | Became a worshipper of the Shining One
  1806 | Temple   | Reached * piety under the Shining One
  1806 | Temple   | Reached ** piety under the Shining One
  1810 | Temple   | Learned a level 2 spell: Wereblood
  1913 | D:4      | Found a sand-covered staircase.
  1917 | Ossuary  | Entered an ossuary
  2041 | Ossuary  | Slain by a water moccasin zombie

Illustrated notes

Levels and vault maps discovered:
D:1:      co_arrival_random_square_maze, layout_loops_ring
D:2:      layout_basic
D:3:      layout_basic
D:4:      layout_basic, fiery_altar_vehumet, minmay_temple_entry_poolview,
          nicolae_ossuary_entry_false_entrances, uniq_edmund
Temple:   eino_temple_scatter_basement
Ossuary:  ossuary_zaba_flooded

Skill      XL: |  1  2  3  4 |
---------------+-------------+-----
Dodging        | 3 |  3.3
Throwing       | 1 |  1.5
Fighting       | 5 |  5.0
Axes           | 4 |  4.7
Stealth        | |  0.2

Action                     |  1- 3 |  4- 6 || total
---------------------------+-------+-------++-------
  Melee: Hand axe          |    99 |    87 ||   186
         Kick              |       |     7 ||     7
         Headbutt          |       |     4 ||     4
  Throw: Stone             |     4 |    13 ||    17
   Cast: Beastly Appendage |       |     2 ||     2
 Invoke: Divine Shield     |       |     2 ||     2
    Use: Potion            |       |     1 ||     1
 Armour: Robe              |    16 |    22 ||    38
  Dodge: Dodged            |    55 |    35 ||    90
  Block: Orb               |       |     5 ||     5
